 Dungeon Crawl Stone Soup version 0.16.1-28-gcc2312f (webtiles) character file.

226 sqallbeste the Grave Robber (level 5, 0/35 HPs)
             Began as a Vampire Necromancer on May 24, 2015.
             Was an Initiate of Dithmenos.
             Succumbed to an adder's poison
             ... on level 4 of the Dungeon on May 25, 2015.
             The game lasted 00:36:38 (2747 turns).

sqallbeste the Grave Robber (Vampire Necromancer)   Turns: 2747, Time: 00:36:38

Health: 0/35       AC:  5    Str:  7    XL:     5   Next: 69%
Magic:  0/12       EV: 13    Int: 18    God:    Dithmenos [......]
Gold:   214        SH:  0    Dex: 14    Spells: 3 memorised, 4 levels left

rFire  . . .     SeeInvis +     f - +1 dagger
rCold  + . .     Clarity  .     a - +2 robe
rNeg   + . .     SustAb   .     (no shield)
rPois  .         Gourm    .     (no helmet)
rElec  .         Spirit   .     n - +0 cloak
rCorr  .         Warding  .     (no gloves)
rMut   .         Stasis   .     (no boots)
MR     .....                    (no amulet)
Stlth  +++.......               (no ring)
                                p - ring of protection from cold

@: lethally poisoned (0 -> -11), not resistant to hostile enchantments, fairly
stealthy
A: bottle blood, fangs 3, see invisible, unbreathing
a: Bat Form, Renounce Religion


You were on level 4 of the Dungeon.
You worshipped Dithmenos.
Dithmenos was noncommittal.
You were not thirsty.

You visited 1 branch of the dungeon, and saw 4 of its levels.

You collected 214 gold pieces.

Inventory:

Hand weapons
 d - a +0 hunting sling
 f - a +1 dagger (weapon)
 j - a +4 quarterstaff of chaos
 l - a -2 hammer
 o - a +1 hammer of draining
Armour
 a - a +2 robe (worn)
 g - a +0 chain mail
 h - a +0 leather armour
 n - a +0 cloak (worn)
Jewellery
 k - an uncursed amulet of inaccuracy
 p - a ring of protection from cold (left hand)
Scrolls
 i - 3 scrolls of identify
 m - 2 scrolls of remove curse
Potions
 c - 12 potions of blood
Books
 b - a book of Necromancy

   Spells                             Type                      Level
   a - Pain                           Necromancy                   1
   b - Animate Skeleton               Necromancy                   1
   c - Vampiric Draining              Necromancy                   3
   d - Regeneration                   Charms/Necromancy            3
   e - Animate Dead                   Necromancy                   4
   f - Control Undead                 Necromancy                   4


   Skills:
 + Level 0.1 Fighting
 + Level 0.2 Short Blades
 + Level 2.9 Dodging
 + Level 3.2 Stealth
 * Level 3.8 Spellcasting
 * Level 6.1 Necromancy


You had 4 spell levels left.
You knew the following spells:

 Your Spells              Type           Power        Failure   Level  Hunger
a - Pain                  Necr           ####         1%          1    None
b - Vampiric Draining     Necr           ####......   3%          3    ###....
c - Regeneration          Chrm/Necr      ##........   14%         3    ###....


Dungeon Overview and Level Annotations

Branches:
Dungeon (4/15)             Temple (0/1) D:4

Altars:
Cheibriados
Dithmenos
Gozag
Sif Muna
The Shining One

Annotations:
D:2 Jessica


Innate Abilities, Weirdness & Mutations

You can bottle blood from corpses.
You have razor-sharp teeth.
You have supernaturally acute eyesight.
You can survive without breathing.


Message History

The orc wizard points at you and mumbles some strange words.
You resist with some effort. The adder misses you.
The orc wizard completely misses you.
Casting: Pain
Confirm with . or Enter, or press ? or * to list all spells.
Aiming: Pain
Press: ? - help, Shift-Dir - straight line, f - adder
Aim: an adder (almost dead, chance 89%)
The adder convulses in agony!
You kill the adder!
Dithmenos accepts your kill.
* * * LOW HITPOINT WARNING * * *
You feel sick.
The orc wizard hits you but does no damage.
* * * LOW HITPOINT WARNING * * *
You feel sick. The orc wizard closely misses you.
The orc wizard casts a spell.
The orc wizard blinks!
A hobgoblin comes into view.
You die...

........ g.. #.. #......
#.# ##......... #..#
#..........S #..##
##...........# #..#
#............##..#
#.........o.# ..##...
#..........#... ....
######### #...@........#
..._
#.......######.......###.
.... ...........# ##.....##
... ...........## ##..#)#
.. ............## ####.## .
.............## #..###
..............## ##)...#
...............###..##.(..#
...............#..### ###..


You could see an orc wizard and a hobgoblin (sleeping).

Vanquished Creatures
  Crazy Yiuf (D:2)
  2 orc wizards (D:4)
  7 adders
  2 worms (D:3)
  2 giant geckos
  An ooze (D:2)
  4 orcs
  7 bats
  A giant cockroach (D:3)
  3 goblins
  8 hobgoblins
  10 kobolds
  3 quokkas
  4 giant newts
  6 jackals
  4 rats
65 creatures vanquished.

Notes
Turn   | Place    | Note
--------------------------------------------------------------
     0 | D:1      | sqallbeste, the Vampire Necromancer, began the quest for the Orb.
     0 | D:1      | Reached XP level 1. HP: 13/13 MP: 3/3
   316 | D:1      | Reached XP level 2. HP: 14/19 MP: 0/4
   809 | D:2      | Reached XP level 3. HP: 12/24 MP: 3/6
   871 | D:2      | Found an opulent altar of Gozag.
   874 | D:2      | Reached skill level 5 in Necromancy
  1082 | D:2      | Found a deep blue altar of Sif Muna.
  1087 | D:2      | Became a worshipper of Sif Muna the Loreminder
  1254 | D:2      | Found a snail-covered altar of Cheibriados.
  1258 | D:2      | Noticed Jessica
  1413 | D:1      | Learned a level 3 spell: Vampiric Draining
  1417 | D:1      | Learned a level 3 spell: Regeneration
  1439 | D:2      | Reached XP level 4. HP: 30/30 MP: 5/8
  1644 | D:2      | Noticed Crazy Yiuf
  1651 | D:2      | Killed Crazy Yiuf
  2002 | D:3      | Reached XP level 5. HP: 19/35 MP: 1/11
  2402 | D:4      | Found a staircase to the Ecumenical Temple.
  2471 | D:4      | Found a shadowy altar of Dithmenos.
  2488 | D:4      | Fell from the grace of Sif Muna
  2488 | D:4      | Became a worshipper of Dithmenos the Shadowed
  2586 | D:4      | Found a glowing golden altar of the Shining One.
  2729 | D:4      | Reached skill level 6 in Necromancy
  2746 | D:4      | HP: 1/35 [poisoned by an adder]
  2747 | D:4      | Succumbed to an adder's poison

Action                   |  1- 3 |  4- 6 || total
-------------------------+-------+-------++-------
Melee: Dagger            |     9 |    22 ||    31
 Cast: Pain              |    50 |    83 ||   133
       Regeneration      |     1 |     4 ||     5
       Vampiric Draining |       |     2 ||     2
 Abil: End Transformatio |     2 |       ||     2
       Bat Form          |     2 |       ||     2
  Use: Potion            |     4 |     9 ||    13
       Scroll            |     6 |     4 ||    10
